 Dungeon Crawl Stone Soup version 0.19.1 (webtiles) character file.

139 CanadianGator the Ruffian (level 5, -1/41 HPs)
             Began as a Minotaur Transmuter on Dec 1, 2016.
             Slain by CanadianGator's ghost (5 damage)
             ... on level 4 of the Dungeon.
             The game lasted 00:05:42 (2576 turns).

CanadianGator the Ruffian (Minotaur Transmuter)     Turns: 2576, Time: 00:05:43

Health: -1/41      AC:  2    Str: 14    XL:     5   Next: 1%
Magic:  6/6        EV: 13    Int: 10    God:
Gold:   90         SH:  0    Dex: 12    Spells: 2 memorised, 3 levels left

rFire  . . .     SeeInvis .       - Unarmed
rCold  . . .     Gourm    .     b - +0 robe
rNeg   . . .     Faith    .     (no shield)
rPois  .         Spirit   .     (helmet restricted)
rElec  .         Reflect  .     (no cloak)
rCorr  .         Harm     .     (no gloves)
MR     .....     Rnd*Rage +     (no boots)
Stlth  +.........               (no amulet)
                                (no ring)
                                (no ring)

@: very slightly contaminated
A: retaliatory headbutt, horns 2, berserk 1, sense surroundings 1, MP-powered
wands
a: no special abilities


You were on level 4 of the Dungeon.
You were hungry.

You visited 2 branches of the dungeon, and saw 5 of its levels.

You collected 90 gold pieces.

Inventory:

Missiles
 a - 25 arrows
Armour
 b - a +0 robe (worn)
 t - a +0 pair of gloves
Scrolls
 e - 3 scrolls of immolation
 f - a scroll of noise {unknown}
 i - a scroll of enchant weapon {unknown}
 j - a scroll of enchant armour {unknown}
 k - a scroll of teleportation
 m - a scroll of identify {unknown}
 q - a scroll of amnesia {unknown}
 r - a scroll of blinking
Potions
 h - a potion of berserk rage {unknown}
 l - a potion of mutation
 n - a potion of agility {unknown}
 s - a potion of magic {unknown}
Books
 c - a book of Changes

   Spells                             Type                      Level
   a - Beastly Appendage              Transmutation                1
   b - Sticks to Snakes               Transmutation                2
   c - Spider Form                    Transmutation/Poison         3
   d - Ice Form                       Ice/Transmutation            4
   e - Blade Hands                    Transmutation                5
Comestibles
 d - 3 bread rations
 g - 2 beef jerkies
 o - a slice of pizza
 p - a meat ration
 u - a chunk of flesh


   Skills:
 + Level 2.1 Fighting
 * Level 2.6 Armour
 + Level 2.6 Dodging
 * Level 4.1 Unarmed Combat
 - Level 1.3 Spellcasting
 * Level 2.7 Transmutations


You had 3 spell levels left.
You knew the following spells:

 Your Spells              Type           Power        Failure   Level  Hunger
a - Beastly Appendage     Tmut           #.....       12%         1    ##.....
b - Sticks to Snakes      Tmut           #.......     17%         2    ###....


Dungeon Overview and Level Annotations

Branches:
Dungeon (4/15)             Temple (1/1) D:4

Altars:
Ashenzari
Dithmenos
Fedhas
Gozag
Hepliaklqana
Kikubaaqudgha
Makhleb
Nemelex Xobeh
Ru
Sif Muna
Trog
Vehumet
Xom
Zin
The Shining One

Annotations:
D:4 CanadianGator's ghost, amateur MiTm


Innate Abilities, Weirdness & Mutations

You reflexively headbutt those who attack you in melee.
You have a pair of horns on your head.
You tend to lose your temper in combat.
You passively map a small area around you.
You expend magic power (3 MP) to strengthen your wands.


Message History

You hit CanadianGator's ghost.
CanadianGator's ghost is severely damaged.
CanadianGator's ghost hits you.
* * * LOW HITPOINT WARNING * * *
You are too injured to fight recklessly!
You are too injured to fight recklessly!
You are too injured to fight recklessly!
You closely miss CanadianGator's ghost. You headbutt CanadianGator's ghost.
CanadianGator's ghost is almost destroyed.
CanadianGator's ghost misses you.
You closely miss CanadianGator's ghost.
CanadianGator's ghost is almost destroyed.
CanadianGator's ghost hits you!
* * * LOW HITPOINT WARNING * * *
It was a potion of mutation.
You feel extremely strange.
You feel a little pissed off.
You feel a strange attunement to the structure of the dungeons.
You feel your magical essence link to your wands.
CanadianGator's ghost hits you.
You die...

* #.....).<.........
* *
##.#.#.#.#........ *
####..######.........
, ##....### .##......
* ###.......###
#######.
#...........## #.
#............#. ## *
#..............# #
#......@........* #
#......W........ #
#............... ,
#...............
#>............. ,
##............#* , ,
###..........#
###.......## , * ,, *
,,


You could see CanadianGator's ghost.

Vanquished Creatures
  4 adders
  2 oozes
  An adder skeleton (D:4)
  2 worms (D:2)
  4 dart slugs
  5 leopard geckos
  4 orcs (D:3)
  10 bats
  2 giant cockroaches
  4 goblins
  4 hobgoblins
  7 jackals
  5 kobolds
  3 quokkas
  5 frilled lizards
  A quokka skeleton (D:4)
  8 rats
71 creatures vanquished.

Notes
Turn   | Place    | Note
-------+----------+-------------------------------------------
     0 | D:1      | CanadianGator the Minotaur Transmuter began the quest for the Orb.
     0 | D:1      | Reached XP level 1. HP: 16/16 MP: 1/1
   167 | D:1      | Reached skill level 1 in Armour
   210 | D:1      | Reached XP level 2. HP: 19/23 MP: 3/3
   773 | D:1      | Reached XP level 3. HP: 28/28 MP: 4/4
  1581 | D:2      | Reached XP level 4. HP: 23/36 MP: 3/5
  1616 | D:2      | Learned a level 2 spell: Sticks to Snakes
  2095 | D:3      | Reached skill level 4 in Unarmed Combat
  2490 | D:4      | Found a staircase to the Ecumenical Temple.
  2506 | Temple   | Entered the Ecumenical Temple
  2549 | D:4      | Reached XP level 5. HP: 33/41 MP: 6/6
  2560 | D:4      | Noticed CanadianGator's ghost (amateur MiTm)
  2576 | D:4      | Gained mutation: You tend to lose your temper in combat. [potion of mutation]
  2576 | D:4      | Gained mutation: You passively map a small area around you. [potion of mutation]
  2576 | D:4      | Gained mutation: You expend magic power (3 MP) to strengthen your wands. [potion of mutation]
  2576 | D:4      | Slain by CanadianGator's ghost

Skill      XL: |  1  2  3  4 |
---------------+-------------+-----
Armour         | 1 2 |  2.6
Transmutations | 2 |  2.7
Fighting       | 2 |  2.1
Unarmed Combat | 4 |  4.1
Dodging        | |  2.6
Spellcasting   | |  1.3

Action                   |  1- 3 |  4- 6 || total
-------------------------+-------+-------++-------
Melee: Unarmed           |   109 |    80 ||   189
       Headbutt          |    15 |    12 ||    27
       Punch             |     2 |     1 ||     3
       Kick              |     4 |     5 ||     9
 Cast: Beastly Appendage |     3 |     1 ||     4
  Use: Scroll            |       |     3 ||     3
       Potion            |       |     1 ||     1
 Stab: Sleeping          |     2 |     5 ||     7
  Eat: Chunk             |     2 |     3 ||     5
Armor: Robe              |    21 |     7 ||    28
Dodge: Dodged            |    71 |    47 ||   118
